 Dungeon Crawl Stone Soup version 0.25-a0-404-gc1b5a34292 (webtiles) character file.

Game seed: 9049875061041018901, levelgen mode: deterministic

8211 Ijustatesigmund the Basher (level 11, -4/73 HPs)
             Began as a Gargoyle Fighter on Jan 11, 2020.
             Was a Believer of Cheibriados.
             Slain by a tentacled starspawn (6 damage)
             ... on level 2 of the Abyss.
             The game lasted 00:23:30 (8756 turns).

Ijustatesigmund the Basher (Gargoyle Fighter)       Turns: 8756, Time: 00:23:30

Health: -4/73      AC: 20    Str: 22    XL:     11   Next: 27%
Magic:  0/15       EV: 11    Int: 14    God:    Cheibriados [**....]
Gold:   514        SH:  0    Dex: 14    Spells: 10/10 levels left

rFire    . . .     SeeInvis .   a - +1 flail
rCold    . . .     Gourm    .   c - +0 shield
rNeg     + . .     Faith    .   b - +4 moon troll leather armour {Spirit, Regen++ MP+5}
rPois    ∞         Spirit   +   s - +1 helmet
rElec    +         Reflect  .   n - +0 cloak (curse)
rCorr    +         Harm     .   (no gloves)
MR       .....                  (no boots)
Stlth    +.........             m - amulet of guardian spirit
HPRegen  0.00/turn              w - ring of resist corrosion
MPRegen  0.14/turn              (no ring)

@: confused, very slow
A: [blurry vision 1], [clumsy 1], [dopey 1], [low mp 3], negative energy
resistance 1, electricity resistance, [inhibited regeneration], [weak 1],
unbreathing, petrification resistance, rot immunity, [subdued magic 2], AC +8
a: Bend Time, Renounce Religion


You were on level 2 of the Abyss.
You worshipped Cheibriados.
Cheibriados was pleased with you.
You were not hungry.

You visited 2 branches of the dungeon, and saw 10 of its levels.
You visited the Abyss 1 time.

You collected 514 gold pieces.

Inventory:

Hand Weapons
 a - a +1 flail (weapon)
Missiles
 l - 33 poisoned darts (quivered)
Armour
 b - the +4 moon troll leather armour (worn) {Spirit, Regen++ MP+5}
   (You found it on level 9 of the Dungeon)

   It affects your magic capacity (+5).
   It increases your rate of regeneration.
 c - a +0 shield (worn)
 n - a cursed +0 cloak (worn)
 s - a +1 helmet (worn)
Jewellery
 m - an amulet of guardian spirit (around neck)
 w - a ring of resist corrosion (left hand)
Wands
 i - a wand of scattershot (3)
 t - a wand of flame (12)
 x - a wand of paralysis (10)
 y - a wand of enslavement (1)
 z - a wand of disintegration (9)
Scrolls
 d - a scroll of blinking {unknown}
 h - 7 scrolls of remove curse
 p - 2 scrolls of immolation
 q - 2 scrolls of identify
 v - 2 scrolls of fog
 B - a scroll of holy word
Potions
 e - 2 potions of flight
 g - 2 potions of lignification
 u - a potion of cancellation
 A - 2 potions of magic
Comestibles
 f - 14 rations


   Skills:
 + Level 10.5 Fighting
 + Level 10.6 Maces & Flails
 - Level 3.4 Throwing
 - Level 5.1 Armour
 - Level 3.3 Dodging
 - Level 5.2 Shields
 + Level 6.2 Invocations
 - Level 2.1 Evocations


You had 10 spell levels left.
You didn't know any spells.
Your spell library contained the following spells:

 Spells                   Type           Power        Failure   Level  Hunger
 Magic Dart               Conj           #...         67%         1    ##.....
 Summon Small Mammal      Summ           #...         67%         1    ##.....
 Blink                    Tloc           N/A          82%         2    ###....
 Call Imp                 Summ           #.......     82%         2    ###....
 Slow                     Hex            #.......     82%         2    ###....
 Call Canine Familiar     Summ           #.......     96%         3    ####...
 Conjure Flame            Conj/Fire      #.......     96%         3    ####...
 Mephitic Cloud           Conj/Pois/Air  #.......     96%         3    ####...
 Summon Guardian Golem    Hex/Summ       #.......     96%         3    ####...
 Summon Ice Beast         Ice/Summ       #.......     100%        4    #####..
 Summon Lightning Spire   Summ/Air       #.......     100%        4    #####..


Dungeon Overview and Level Annotations

Branches:
Dungeon (9/15)             Temple (1/1) D:7            Lair (0/6) D:8
    Orc: D:9-12

Altars:
Ashenzari
Cheibriados
Dithmenos
Elyvilon
Fedhas
Gozag
Hepliaklqana
Kikubaaqudgha
Makhleb
Nemelex Xobeh
Okawaru
Qazlal
Ru
Sif Muna
Trog
Uskayaw
Vehumet
Wu Jian
Xom
Yredelemnul
Zin
The Shining One

Annotations:
D:9 Psyche


Innate Abilities, Weirdness & Mutations

You are resistant to torment.
Your stone body is resilient. (AC +8)
You are immune to poison.
You resist negative energy. (rN+)
You are resistant to electric shocks. (rElec)
You can survive without breathing.
You are immune to petrification.
You are immune to rotting.
[Scrolls take you a little longer to read.]
[You are clumsy. (Dex -2)]
[You are dopey. (Int -2)]
[Your magical capacity is extremely low. (-30% MP)]
[You do not regenerate when monsters are visible.]
[You are weak. (Str -2)]
[Your spells are easier to cast, but less powerful.]


Message History

You are confused.
You feel invigorated.
The tentacled starspawn bites you but does no damage.
The tentacled starspawn engulfs you but does no damage.
The starspawn tentacle closely misses you.
You barely miss the tentacled starspawn.
The tentacled starspawn is lightly damaged.
The tentacled starspawn bites you!!
* * * LOW HITPOINT WARNING * * *
The tentacled starspawn closely misses you.
The starspawn tentacle grabs you. The starspawn tentacle constricts you.
You bump into the rock wall.
The starspawn tentacle loses its grip on you.
The tentacle pulls you backwards! The starspawn tentacle grabs you.
The starspawn tentacle constricts you.
You escape the starspawn tentacle's grasp.
The tentacled starspawn bites you!
* * * LOW HITPOINT WARNING * * *
The tentacled starspawn engulfs you!
You die...

### ## ###
#@##.# ..#
#.X#....#
#..#!\#..
#.#..#│#
## .##│...
X# .$#
....##.#
.. . .###
....#.#..#
....#. .#


You could see a tentacled starspawn.

Vanquished Creatures
  Harold (D:7)
  2 two-headed ogres (D:8)
  Erica (D:9)
  A wretched star (Abyss:2)
  A large abomination (Abyss:2)
  Pikel (D:7)
  5 blink frogs (Abyss:2)
  A hippogriff (D:7)
  A small abomination (Abyss:2)
  A wyvern (D:7)
  A sky beast (D:9)
  A slave (D:7)
  2 black bears
  2 orc warriors
  A phantom (D:5)
  4 ogres
  A centaur (D:8)
  Blork the orc (D:6)
  2 bullfrogs
  A big kobold (D:8)
  A wyvern zombie (D:7)
  5 howler monkeys
  2 crimson imps
  6 hounds
  2 jellies (D:8)
  Crazy Yiuf (D:2)
  8 orc priests
  A bullfrog skeleton (D:6)
  5 orc wizards
  An iguana (D:5)
  4 worker ants
  2 hound skeletons
  A worker ant zombie (D:8)
  Robin (D:2)
  2 gnolls
  7 adders
  2 shadow imps
  An ooze (D:1)
  2 adder skeletons
  3 worms
  A dart slug (D:1)
  4 leopard geckos
  24 orcs
  9 bats
  7 giant cockroaches
  27 goblins
  21 hobgoblins
  6 jackals
  12 kobolds
  5 quokkas
  A ball python (D:2)
  A frilled lizard (D:2)
  2 jackal skeletons
  A quokka skeleton (D:4)
  7 rats
216 creatures vanquished.

Vanquished Creatures (others)
  2 raiju (Abyss:2)
  A necrophage (D:7)
  2 starspawn tentacles (Abyss:2)
5 creatures vanquished.

Grand Total: 221 creatures vanquished

Notes
Turn   | Place    | Note
-------+----------+-------------------------------------------
     0 | D:1      | Ijustatesigmund the Gargoyle Fighter began the quest for
                  | the Orb.
     0 | D:1      | Reached XP level 1. HP: 14/14 MP: 1/1
   269 | D:1      | Reached XP level 2. HP: 19/19 MP: 2/2
   497 | D:1      | Reached XP level 3. HP: 14/23 MP: 3/3
   916 | D:2      | Reached XP level 4. HP: 28/28 MP: 4/4
  1212 | D:2      | Found a glowing golden altar of the Shining One.
  1228 | D:2      | Found a runed translucent door.
  1229 | D:2      | Noticed Crazy Yiuf
  1237 | D:2      | Killed Crazy Yiuf
  1237 | D:2      | Reached skill level 5 in Maces & Flails
  1237 | D:2      | Reached XP level 5. HP: 8/32 MP: 5/5
  1526 | D:2      | Noticed Robin
  1559 | D:2      | Killed Robin
  1989 | D:2      | You fall into a shaft and drop 2 floors!
  2176 | D:4      | Reached XP level 6. HP: 38/38 MP: 6/6
  2992 | D:3      | Reached XP level 7. HP: 24/43 MP: 4/7
  4159 | D:4      | Found an iron altar of Okawaru.
  4363 | D:5      | Entered Level 5 of the Dungeon
  4589 | D:5      | Reached skill level 5 in Fighting
  4589 | D:5      | Reached skill level 5 in Shields
  4782 | D:5      | Reached skill level 5 in Armour
  4801 | D:5      | Found a radiant altar of Vehumet.
  4852 | D:5      | Reached XP level 8. HP: 42/49 MP: 8/8
  5330 | D:6      | Noticed Blork the orc
  5343 | D:6      | Killed Blork the orc
  5343 | D:6      | Reached skill level 1 in Dodging
  5646 | D:6      | Found a hide-covered altar of Uskayaw.
  5796 | D:7      | Noticed Harold
  6043 | D:7      | Killed Harold
  6043 | D:7      | Reached XP level 9. HP: 36/56 MP: 3/9
  6235 | D:7      | Noticed Pikel
  6274 | D:7      | Killed Pikel
  6482 | D:7      | Found a staircase to the Ecumenical Temple.
  6491 | Temple   | Entered the Ecumenical Temple
  6521 | Temple   | Became a worshipper of Cheibriados the Contemplative
  6654 | D:7      | Found a white marble altar of Elyvilon.
  6718 | D:7      | Found a shimmering blue altar of Sif Muna.
  7017 | D:8      | Identified a scroll of acquirement
  7065 | D:8      | Reached XP level 10. HP: 61/65 MP: 10/10
  7086 | D:8      | Found a sparkling altar of Nemelex Xobeh.
  7228 | D:8      | Reached * piety under Cheibriados
  7275 | D:8      | Reached skill level 1 in Invocations
  7277 | D:8      | Found a staircase to the Lair.
  7347 | D:8      | Reached skill level 1 in Evocations
  7438 | D:8      | Found a shimmering altar of Xom.
  7449 | D:8      | Noticed a two-headed ogre
  7459 | D:8      | Killed a two-headed ogre
  7569 | D:8      | Noticed a two-headed ogre
  7583 | D:8      | Killed a two-headed ogre
  7901 | D:9      | Reached ** piety under Cheibriados
  7986 | D:9      | Found the +4 moon troll leather armour {Spirit, Regen++
                  | MP+5}
  8060 | D:9      | Noticed Erica
  8085 | D:9      | Killed Erica
  8085 | D:9      | Reached skill level 10 in Maces & Flails
  8141 | D:9      | Found a stormy altar of Qazlal.
  8300 | D:9      | Noticed Psyche
  8305 | D:9      | Cast into level 2 of the Abyss (Psyche)
  8309 | Abyss:2  | Found a burning altar of Makhleb.
  8329 | Abyss:2  | Noticed a wretched star
  8355 | Abyss:2  | Killed a wretched star
  8355 | Abyss:2  | Reached skill level 10 in Fighting
  8355 | Abyss:2  | Reached skill level 5 in Invocations
  8355 | Abyss:2  | Reached XP level 11. HP: 35/72 MP: 5/10
  8549 | Abyss:2  | Noticed a large abomination
  8564 | Abyss:2  | Killed a large abomination
  8592 | Abyss:2  | HP: 3/72 [blink frog (10)]
  8744 | Abyss:2  | Noticed a tentacled starspawn
  8756 | Abyss:2  | HP: 2/73 [tentacled starspawn (10)]
  8756 | Abyss:2  | Slain by a tentacled starspawn

Levels and vault maps discovered:
D:1:      wheals_arrival_shading, layout_rooms
D:2:      cheibrodos_old_hovel, layout_basic, tso_metal_star,
          uniq_crazy_yiuf_cottage, uniq_robin
D:3:      cheibrodos_greedy_goblins, layout_loops_ring
D:4:      layout_basic, okawaru_altar_gauntlet_db
D:5:      layout_basic, vehumet_altar_wand_db, first_ration
D:6:      layout_loops_ring, kennysheep_mini_moat, uniq_blork_the_orc
D:7:      layout_basic, kennysheep_mini, led_sif_pool,
          minmay_temple_entry_fiery, uniq_pikel, uniq_harold
D:8:      layout_loops_ring, xom_teletrap_fun, lair_entry_dummy, basic_altar
D:9:      layout_rooms, nicolae_qazlal_general_emergency, basic_altar,
          uniq_psyche, uniq_erica
Temple:   eino_wide_crystal_templ
Abyss:2:  base: D:15, evilmike_abyss_exit_kraken, minivault_23

Skill      XL: |  1  2  3  4  5  6  7  8  9 10 11 |
---------------+----------------------------------+-----
Maces & Flails | 3 4 5 6 7 8 10 | 10.6
Fighting       | 4 5 6 8 10 | 10.5
Armour         | 4 5 |  5.1
Shields        | 4 5 |  5.2
Dodging        | 2 3 |  3.3
Throwing       | 2 3 |  3.4
Invocations    | 5 6 |  6.2
Evocations     | 2 |  2.1

Action                   |  1- 3 |  4- 6 |  7- 9 | 10-12 || total
-------------------------+-------+-------+-------+-------++-------
Melee: Flail             |   107 |   225 |   391 |   272 ||   995
Throw: Dart              |       |     2 |    29 |    26 ||    57
Invok: Bend Time         |       |       |       |     1 ||     1
Evoke: Wand              |       |       |     1 |     9 ||    10
  Use: Scroll            |     6 |     4 |     8 |     6 ||    24
       Potion            |       |     2 |     9 |     6 ||    17
  Eat: Chunk             |       |     7 |     6 |       ||    13
       Ration            |       |       |     3 |     1 ||     4
Armor: Scale mail        |    56 |   124 |   215 |    62 ||   457
       Troll leather arm |       |       |       |    48 ||    48
Dodge: Dodged            |    47 |    72 |   142 |   105 ||   366
Block: Shield            |    61 |   109 |   165 |   119 ||   454

Table legend:
 A = Non-vault XP
 B = Vault XP
 C = Vault XP percentage of total XP
 D = Non-vault monster count
 E = Vault monster count
 F = Vault count percentage of total count
                 A         B        C        D         E       F
            +---------+---------+-------+---------+---------+-------
      Total |    8969 |    2762 |  23.5 |     178 |      38 |  17.6
            +---------+---------+-------+---------+---------+-------
        D:1 |      50 |       0 |   0.0 |      19 |       0 |   0.0
        D:2 |      98 |      91 |  48.1 |      33 |      15 |  31.2
        D:3 |     239 |      23 |   8.8 |      26 |      12 |  31.6
        D:4 |     301 |      25 |   7.7 |      14 |       6 |  30.0
        D:5 |     468 |       1 |   0.2 |      18 |       1 |   5.3
        D:6 |     160 |      99 |  38.2 |       5 |       1 |  16.7
        D:7 |    1305 |    1611 |  55.2 |      15 |       2 |  11.8
        D:8 |    2543 |       0 |   0.0 |      27 |       0 |   0.0
        D:9 |     701 |     912 |  56.5 |      12 |       1 |   7.7
    Abyss:2 |    3104 |       0 |   0.0 |       9 |       0 |   0.0
            +---------+---------+-------+---------+---------+-------
